Match 46499677
Unlisted

Match 46499677
End
Kradschützen Motorcycle Team
Panzerpioneer Squad
Panzerpioneer Squad
Selects Panzerjäger Kommand Battlegroup
Selects Mine Fields
Panzergrenadier Squad
Construct Light Support Kompanie
2.5-tonne Medical Truck
Selects Tank Busters
Construct Mechanized Kompanie
Panzerjäger Mechanized Group
Selects Defensive Positions
Darius Pelado
Sokol(c)
Rurutia
Herr Blautier
TBoR
EPHX_Valkyrion
0
0

Comments sign in to comment!

No comments posted yet!